 Dungeon Crawl Stone Soup version 0.18.1-50-g88ac8fd (webtiles) character file.

800 Drunkenshrew the Charmwright (level 7, -4/33 HPs)
             Began as a Spriggan Skald on Sept 24, 2016.
             Was a Believer of Ashenzari.
             Shot with an arrow by a centaur (8 damage)
             ... on level 5 of the Dungeon.
             The game lasted 00:13:43 (3350 turns).

Drunkenshrew the Charmwright (Spriggan Skald)       Turns: 3350, Time: 00:13:44

Health: -4/33      AC:  2    Str:  8    XL:     7   Next: 59%
Magic:  6/16       EV: 19    Int: 15    God:    Ashenzari [**....]
Gold:   177        SH:  0    Dex: 16    Spells: 3 memorised, 11 levels left

rFire  x . .     SeeInvis +     i - +2 dagger (venom)
rCold  + . .     Gourm    .     b - +0 robe
rNeg   + . .     Faith    .     (shield restricted)
rPois  .         Spirit   .     (helmet restricted)
rElec  .         Dismiss  .     (no cloak)
rCorr  .         Reflect  .     (gloves unavailable)
SustAt .         Harm     .     (boots unavailable)
MR     +....                    (no amulet)
Stlth  +++.......               q - ring of positive energy
                                f - ring of ice

@: infused, regenerating, very quick, somewhat resistant to hostile
enchantments, fairly stealthy
A: unfitting armour, see invisible, herbivore 3, speed 3, slow metabolism 2
a: Curse Item, Scrying, Renounce Religion


You were on level 5 of the Dungeon.
You worshipped Ashenzari.
Ashenzari was pleased with you.
You were not hungry.

You visited 2 branches of the dungeon, and saw 6 of its levels.

You collected 177 gold pieces.

Inventory:

Hand Weapons
 i - a +2 dagger of venom (weapon)
Armour
 b - a +0 robe (worn)
Magical Staves
 t - an uncursed staff of power
Jewellery
 f - a ring of ice (left hand)
 q - a ring of positive energy (right hand)
Wands
 l - a wand of teleportation (6/9)
 r - a wand of iceblast (7/15)
Scrolls
 e - a scroll of enchant armour {unknown}
 h - 3 scrolls of remove curse
 n - a scroll of identify
 p - a scroll of immolation {unknown}
 s - a scroll of random uselessness {unknown}
Potions
 a - 2 potions of degeneration {unknown}
 g - a potion of resistance
 j - 2 potions of flight
 k - 8 potions of curing
 m - a potion of cure mutation {unknown}
Books
 c - a book of Battle

   Spells                             Type                      Level
   a - Infusion                       Charms                       1
   b - Shroud of Golubria             Charms/Translocation         2
   c - Song of Slaying                Charms                       2
   d - Spectral Weapon                Hexes/Charms                 3
   e - Regeneration                   Charms/Necromancy            3
Comestibles
 d - 5 bread rations
 o - 3 fruits


   Skills:
 - Level 1.5 Fighting
 * Level 4.8 Short Blades
 - Level 4.0 Dodging
 * Level 5.5 Stealth
 * Level 5.5 Spellcasting
 * Level 7.0 Charms
 + Level 1.3 Necromancy
 + Level 2.0 Translocations


You had 11 spell levels left.
You knew the following spells:

 Your Spells              Type           Power        Failure   Level  Hunger
a - Infusion              Chrm           ####         1%          1    None
b - Regeneration          Chrm/Necr      ###.......   10%         3    ###....
c - Shroud of Golubria    Chrm/Tloc      ###.......   4%          2    #......


Dungeon Overview and Level Annotations

Branches:
Dungeon (5/15)             Temple (1/1) D:4

Altars:
Ashenzari
Dithmenos
Elyvilon
Fedhas
Kikubaaqudgha
Pakellas
Trog
Yredelemnul
The Shining One


Innate Abilities, Weirdness & Mutations

You are tiny and cannot use many weapons and most armour.
You have supernaturally acute eyesight.
You are a herbivore.
You cover ground extremely quickly.
You need consume almost no food.


Message History

The ogre completely misses you.
You completely miss the ogre.
The ogre is heavily wounded.
You hit the ogre.
The ogre is severely wounded.
The ogre closely misses you.
You see here 17 sling bullets.
You kill the ogre!
Your Charms skill increases to level 7!
Your Translocations skill increases to level 2!
The centaur shoots an arrow.
The arrow hits you.
You see here an arrow.
The centaur shoots an arrow.
The arrow hits you!
* * * LOW HITPOINT WARNING * * *
You see here an arrow.
Casting: Infusion
Confirm with . or Enter, or press ? or * to list all spells.
Your skin crawls.
The centaur shoots an arrow.
The arrow barely misses you.
The centaur shoots an arrow.
The arrow hits you!
You die...

#..### ###.........#
##...#######...........#
####......#..#(......).#
.########.#.##.........#
..#######.......########
#.............###
#####o.....##...##
#...(..#...####..########
.....#####...)##@(......##
..........###)c.(.(####..####
.......... ######.....<....#
.o.......O, #######....#####
......J..., ####.....#
#......... * #..##..
##........J, , ##..##.
...)... ,* ##..#. * ##...


You could see a centaur.

Vanquished Creatures
  Sigmund (D:3)
  An ogre (D:5)
  A centaur (D:5)
  A giant frog (D:4)
  2 scorpions (D:4)
  A jelly (D:5)
  A gnoll shaman (D:4)
  A hound skeleton (D:4)
  A howler monkey zombie (D:5)
  10 adders
  5 gnolls (D:4)
  3 oozes
  2 worms
  A dart slug (D:1)
  5 giant geckos
  8 orcs
  3 giant cockroaches
  5 goblins
  8 hobgoblins
  A quokka (D:4)
  A ball python (D:3)
  5 bats
  A giant gecko skeleton (D:5)
  4 giant newts
  6 kobolds
  9 rats
  A spectral orc (D:2)
88 creatures vanquished.

Notes
Turn   | Place    | Note
--------------------------------------------------------------
     0 | D:1      | Drunkenshrew the Spriggan Skald began the quest for the Orb.
     0 | D:1      | Reached XP level 1. HP: 10/10 MP: 5/5
    80 | D:1      | Reached XP level 2. HP: 10/14 MP: 0/6
   191 | D:1      | Reached skill level 1 in Stealth
   881 | D:1      | Reached skill level 5 in Charms
  1058 | D:2      | Reached XP level 3. HP: 14/18 MP: 4/8
  1314 | D:2      | Reached XP level 4. HP: 19/22 MP: 5/10
  1460 | D:2      | Found a basalt altar of Yredelemnul.
  1595 | D:3      | Noticed Sigmund
  1759 | D:3      | Found a faded altar to an unknown god.
  1768 | D:3      | Became a worshipper of Ashenzari the Shackled
  1768 | D:3      | Reached * piety under Ashenzari
  1924 | D:3      | Reached XP level 5. HP: 13/25 MP: 9/11
  1993 | D:3      | Killed Sigmund
  1993 | D:3      | Reached skill level 6 in Charms
  1993 | D:3      | Reached XP level 6. HP: 20/30 MP: 4/13
  1998 | D:3      | Learned a level 3 spell: Regeneration
  2001 | D:3      | Learned a level 2 spell: Shroud of Golubria
  2221 | D:3      | Found an ancient bone altar of Kikubaaqudgha.
  2540 | D:4      | Found a shattered altar of Ashenzari.
  2543 | D:4      | Found an ancient bone altar of Kikubaaqudgha.
  2546 | D:4      | Found a blossoming altar of Fedhas.
  2777 | D:4      | Reached skill level 1 in Translocations
  2796 | D:4      | Found a staircase to the Ecumenical Temple.
  2805 | D:4      | Reached skill level 5 in Stealth
  2805 | D:4      | Reached skill level 5 in Spellcasting
  2805 | D:4      | Reached skill level 1 in Necromancy
  2805 | D:4      | Reached XP level 7. HP: 23/33 MP: 10/15
  2812 | Temple   | Entered the Ecumenical Temple
  2822 | D:4      | Found a bloodstained altar of Trog.
  3182 | D:5      | Entered Level 5 of the Dungeon
  3277 | D:5      | Reached ** piety under Ashenzari
  3346 | D:5      | Reached skill level 7 in Charms
  3350 | D:5      | Shot with an arrow by a centaur

Skill      XL: |  1  2  3  4  5  6  7 |
---------------+----------------------+-----
Stealth        | 1 2 3 4 5 |  5.5
Spellcasting   | 3 4 5 |  5.5
Charms         | 5 6 7 |  7.0
Dodging        | 3 4 |  4.0
Short Blades   | 3 4 |  4.8
Translocations | 1 2 |  2.0
Necromancy     | 1 |  1.3
Fighting       | |  1.5

Action                   |  1- 3 |  4- 6 |  7- 9 || total
-------------------------+-------+-------+-------++-------
Melee: Short sword       |    43 |       |       ||    43
       Dagger            |    39 |   121 |    23 ||   183
 Cast: Infusion          |    10 |     9 |     2 ||    21
       Regeneration      |       |       |     2 ||     2
  Use: Scroll            |     6 |     2 |       ||     8
 Stab: Sleeping          |     3 |     7 |     3 ||    13
Armor: Robe              |     5 |     3 |       ||     8
Dodge: Dodged            |    66 |    64 |    14 ||   144
